 Dungeon Crawl Stone Soup version 0.27-a0-1193-g8631133539 (webtiles) character file.

Game seed: 9956442584556095246

10 mix the Skirmisher (level 2, 0/24 HPs)
             Began as a Human Abyssal Knight on May 26, 2021.
             Was a Follower of Lugonu.
             Frozen to death by an endoplasm (4 damage)
             ... on level 1 of the Dungeon.
             The game lasted 00:07:23 (402 turns).

mix the Skirmisher (Human Abyssal Knight)            Turns: 402, Time: 00:07:23

Health: 0/24       AC:  3    Str: 12    XL:     2   Next: 30%
Magic:  3/3        EV: 11    Int: 12    God:    Lugonu [*.....]
Gold:   0          SH:  0    Dex: 12    Spells: 1/1 levels left

rFire    . . .     SeeInvis .   a - +1 falchion
rCold    . . .     Faith    .   (no shield)
rNeg     . . .     Spirit   .   b - +0 leather armour
rPois    .         Reflect  .   (no helmet)
rElec    .         Harm     .   (no cloak)
rCorr    .         Rampage  .   (no gloves)
Will     .....                  (no boots)
Stlth    +.........             (no amulet)
HPRegen  0.08/turn              (no ring)
MPRegen  0.08/turn              (no ring)

@: no status effects
A: no striking features
a: Renounce Religion, Depart the Abyss


You were on level 1 of the Dungeon.
You worshipped Lugonu.
Lugonu was aware of your devotion.
You visited 1 branch of the dungeon, and saw 1 of its levels.
You visited the Abyss 1 time.

Inventory:

Hand Weapons
 a - a +1 falchion (weapon)
 c - a +0 mace
Armour
 b - a +0 leather armour (worn)
Scrolls
 d - a scroll of identify {unknown}
 f - a scroll of acquirement {unknown}
Potions
 e - a potion of resistance {unknown}


   Skills:
 + Level 3.5 Fighting
 + Level 2.0 Long Blades
 + Level 2.1 Armour
 + Level 1.0 Dodging
 + Level 2.0 Invocations


You had one spell level left.
You didn't know any spells.
Your spell library was empty.

Dungeon Overview and Level Annotations

Branches:
Dungeon (1/15)

Altars:


Message History

The frilled lizard bites you. The jackal closely misses you.
You riposte.
You hit the jackal.
The jackal is heavily wounded.
You hit the frilled lizard.
You kill the frilled lizard!
Lugonu accepts your kill.
A jackal comes into view.
The jackal barely misses you. x2
You see here a frilled lizard corpse.
You hit the jackal.
The jackal is almost dead.
The jackal barely misses you. The jackal bites you.
The jackal closely misses you.
You hit the jackal.
You kill the jackal!
Lugonu accepts your kill.
The jackal bites you but does no damage.
The jackal bites you. The jackal barely misses you.
You barely miss the endoplasm. The jackal bites you. x2
* * * LOW HITPOINT WARNING * * *
The jackal bites you.
* * * LOW HITPOINT WARNING * * *
The endoplasm hits you.
* * * LOW HITPOINT WARNING * * *
The jackal closely misses you.
Welcome back, mix the Human Abyssal Knight.
Lugonu says: Spread carnage and corruption!
Press ? for a list of commands and other information.
The jackal misses you. The jackal closely misses you.
You barely miss the jackal.
The jackal is heavily wounded.
The endoplasm closely misses you. The jackal closely misses you.
The jackal bites you.
* * * LOW HITPOINT WARNING * * *
The jackal barely misses you.
You riposte.
You hit the jackal.
The jackal is heavily wounded.
The endoplasm freezes you.
You are frozen.
You die...

.......##### #...###...#
........>... ......#.### #.
........##.## #..##....## #.
........##.##.#..##.....## #^
.....#..##.# .#......†...# #.
........h..# ..##.......# #.
..#..#..##.####...#....#.### #.
r..h......†...hh###.#......# #.
..#..#.?#.....J@.....†.....####.
# #..#..####.................
#..#..# #.###.##.....#####
....... #.# #.##.....# ....##.##
#.# #.####.### ........# #.#
#.####.# ......#### ... #......#
.# ... ######## ...


You could see an endoplasm and 2 jackals.

Vanquished Creatures
  A ball python (D:1)
  2 bats (D:1)
  An endoplasm (D:1)
  A hobgoblin (D:1)
  A jackal (D:1)
  A frilled lizard (D:1)
  3 rats (D:1)
10 creatures vanquished.

Notes
Turn   | Place    | Note
-------+----------+-------------------------------------------
     0 | Abyss:1  | mix the Human Abyssal Knight began the quest for the Orb.
     0 | Abyss:1  | Reached XP level 1. HP: 18/18 MP: 2/2
     2 | D:1      | Escaped the Abyss
   228 | D:1      | Reached * piety under Lugonu
   308 | D:1      | Reached XP level 2. HP: 22/24 MP: 3/3
   402 | D:1      | Frozen to death by an endoplasm

Illustrated notes

Levels and vault maps discovered:
D:1:      saegor_arrival_simple_c, layout_loops_ring

Action                   || total
-------------------------++-------
Melee: Falchion          ||    29
Invok: Depart the Abyss  ||     1
Armor: Leather armour    ||    13
Dodge: Dodged            ||    36
       Rpst.: Falchion   ||     7

Table legend: (Time is in decaauts)
 A = Elapsed time spent in this place.
 B = Non-inter-level travel time spent in this place.
 C = Inter-level travel time spent in this place.
 D = Time resting spent in this place.
 E = Time spent auto-exploring this place.
 F = Levels seen in this place.
 G = Mean time per level.
                   A        B        C        D        E       F      G
               +--------+--------+--------+--------+--------+-----+--------+
         Total |    408 |    366 |     42 |    100 |      0 |   2 |  204.0 |
       Dungeon |    405 |    363 |     42 |    100 |      0 |   1 |  405.0 |
         Abyss |      3 |      3 |      0 |      0 |      0 |   1 |    3.0 |
               +--------+--------+--------+--------+--------+-----+--------+

Top non-repeatable levels by time:
     D:1: 405 daAuts
 Abyss:1: 3 daAuts
